MWL (24 & UNDER)
ERIE JAXX @ LEE'S SUMMIT TIGERS
05/03/2027
 
TOP OF THE 1ST
Erie Jaxx batting - Pitching for Lee's Summit Tigers : RHP Greg Reeves
Pitching: RHP Greg Reeves
Batting: SHB Giel Molendijk 0-0: Ball
1-0: Ball
2-0: Foul Ball, location: 2F
2-1: Swinging Strike
2-2: Foul Ball, location: 2F
2-2: Ball
3-2: Strikes out swinging
Batting: SHB José Durango 0-0: Called Strike
0-1: Ball
1-1: SINGLE (Groundball, 34D)
Batting: SHB Michael Field 0-0: Ball
1-0: Ball
2-0: Foul Ball, location: 2F
2-1: Foul Ball, location: 2F
2-2: Strikes out swinging
Batting: LHB Jim Knight 0-0: Called Strike
0-1: Ground out 6-3 (Groundball, 6S)
Top of the 1st over - 0 run(s), 1 hit(s), 0 error(s), 1 left on base; Erie 0 - Lee's Summit 0
BOTTOM OF THE 1ST
Lee's Summit Tigers batting - Pitching for Erie Jaxx : RHP Steve Bigham
Pitching: RHP Steve Bigham
Batting: RHB Jorge Barbosa 0-0: Ball
1-0: Ground out 6-3 (Groundball, 6)
Batting: RHB Jesús Ramos 0-0: Ball
1-0: Called Strike
1-1: Ground out 5-3 (Groundball, 56)
Batting: LHB Milo Powers 0-0: Ball
1-0: Foul Ball, location: 2F
1-1: Ball
2-1: Foul Ball, location: 2F
2-2: Foul Ball, location: 2F
2-2: Strikes out swinging
Bottom of the 1st over - 0 run(s), 0 hit(s), 0 error(s), 0 left on base; Erie 0 - Lee's Summit 0
TOP OF THE 2ND
Erie Jaxx batting - Pitching for Lee's Summit Tigers : RHP Greg Reeves
Batting: RHB Andrés Silva 0-0: Swinging Strike
0-1: Ball
1-1: Ground out 6-3 (Groundball, 6)
Batting: RHB Ángel Serrano 0-0: SINGLE (Flyball, 8LS) - OUT at second base trying to stretch hit.
Batting: RHB Edgardo Castro 0-0: Ground out 6-3 (Groundball, 6)
Top of the 2nd over - 0 run(s), 1 hit(s), 0 error(s), 0 left on base; Erie 0 - Lee's Summit 0
BOTTOM OF THE 2ND
Lee's Summit Tigers batting - Pitching for Erie Jaxx : RHP Steve Bigham
Batting: RHB Rusty Bennett 0-0: Ball
1-0: Ball
2-0: Foul Ball, location: 2F
2-1: Ball
3-1: Base on Balls
Batting: LHB Darren Holland 0-0: Ball
1-0: Foul Ball, location: 2F
1-1: Ball
2-1: Foul Ball, location: 2F
2-2: SINGLE (Groundball, 3S) (infield hit)
Rusty Bennett to second
Batting: RHB Michael Hall 0-0: Swinging Strike
0-1: Ball
1-1: Ball
2-1: Ball
3-1: Base on Balls
Rusty Bennett to third
Darren Holland to second
Batting: RHB Kyle Baylor 0-0: Ball
1-0: Foul Ball, location: 2F
1-1: Fly out, F8 (Flyball, 89M)
Runner from 3rd tags up, SCORES, no throw
Batting: RHB Gilberto Ferrer 0-0: Ball
1-0: Called Strike
1-1: Ball
2-1: Foul Ball, location: 2F
2-2: SINGLE (Groundball, 56D)
Darren Holland to third
Michael Hall to second
Runner from 3rd tries for Home, SAFE, no throw
Batting: LHB Dale Miller 0-0: Called Strike
0-1: Swinging Strike
0-2: Foul Ball, location: 2F
0-2: Fly out, F8 (Flyball, 8LM)
Batting: RHB Jorge Barbosa 0-0: Ball
1-0: Called Strike
1-1: Ball
2-1: Swinging Strike
2-2: Strikes out swinging
Bottom of the 2nd over - 2 run(s), 2 hit(s), 0 error(s), 2 left on base; Erie 0 - Lee's Summit 2
TOP OF THE 3RD
Erie Jaxx batting - Pitching for Lee's Summit Tigers : RHP Greg Reeves
Batting: RHB Alfredo Ramírez 0-0: Called Strike
0-1: Swinging Strike
0-2: Ball
1-2: Foul Ball, location: 2F
1-2: Strikes out swinging
Batting: RHB Cristián Cauozos 0-0: Called Strike
0-1: Called Strike
0-2: Ground out 5-3 (Groundball, 56)
Batting: SHB Giel Molendijk 0-0: Ball
1-0: Ball
2-0: Ball
3-0: Called Strike
3-1: Base on Balls
Batting: SHB José Durango 0-0: Foul Ball, location: 2F
0-1: Ball
1-1: Reached on error, E4 (Groundball, 34)
Giel Molendijk to second
Batting: SHB Michael Field 0-0: Swinging Strike
0-1: Foul Ball, location: 2F
0-2: Strikes out looking
Top of the 3rd over - 0 run(s), 0 hit(s), 1 error(s), 2 left on base; Erie 0 - Lee's Summit 2
BOTTOM OF THE 3RD
Lee's Summit Tigers batting - Pitching for Erie Jaxx : RHP Steve Bigham
Batting: RHB Jesús Ramos 0-0: Called Strike
0-1: Foul Ball, location: 2F
0-2: Ground out 1-3 (Groundball, 15S)
Batting: LHB Milo Powers 0-0: Called Strike
0-1: Called Strike
0-2: Ground out 6-3 (Groundball, 6)
Batting: RHB Rusty Bennett 0-0: Fly out, F9 (Flyball, 89D)
Bottom of the 3rd over - 0 run(s), 0 hit(s), 0 error(s), 0 left on base; Erie 0 - Lee's Summit 2
TOP OF THE 4TH
Erie Jaxx batting - Pitching for Lee's Summit Tigers : RHP Greg Reeves
Batting: LHB Jim Knight 0-0: SOLO HOME RUN (Flyball, 9D), Distance : 344 ft
Batting: RHB Andrés Silva 0-0: Called Strike
0-1: Fly out, F8 (Flyball, 89M)
Batting: RHB Ángel Serrano 0-0: Fly out, F9 (Flyball, 9)
Batting: RHB Edgardo Castro 0-0: Foul Ball, location: 2F
0-1: Foul Ball, location: 2F
0-2: Ball
1-2: Strikes out looking
Top of the 4th over - 1 run(s), 1 hit(s), 0 error(s), 0 left on base; Erie 1 - Lee's Summit 2
BOTTOM OF THE 4TH
Lee's Summit Tigers batting - Pitching for Erie Jaxx : RHP Steve Bigham
Batting: LHB Darren Holland 0-0: Ball
1-0: Ground out 4-3 (Groundball, 4)
Batting: RHB Michael Hall 0-0: Foul Ball, location: 2F
0-1: Ball
1-1: Called Strike
1-2: DOUBLE (Line Drive, 8LD)
Batting: RHB Kyle Baylor 0-0: Ball
1-0: Called Strike
1-1: Ball
2-1: Swinging Strike
2-2: Strikes out swinging
Batting: RHB Gilberto Ferrer 0-0: Called Strike
Michael Hall steals 3rd base
0-1: Ball
1-1: Called Strike
1-2: Ball
Wild Pitch!
Michael Hall scores
2-2: Ball
3-2: Base on Balls
Batting: LHB Dale Miller 0-0: Foul Ball, location: 2F
0-1: SINGLE (Line Drive, 9S)
Gilberto Ferrer to second
Batting: RHB Jorge Barbosa 0-0: Called Strike
0-1: Fly out, F8 (Flyball, 8LS)
Bottom of the 4th over - 1 run(s), 2 hit(s), 0 error(s), 2 left on base; Erie 1 - Lee's Summit 3
TOP OF THE 5TH
Erie Jaxx batting - Pitching for Lee's Summit Tigers : RHP Greg Reeves
Batting: RHB Alfredo Ramírez 0-0: Foul Ball, location: 2F
0-1: Ball
1-1: Ground out 6-3 (Groundball, 6)
Batting: RHB Cristián Cauozos 0-0: Swinging Strike
0-1: Foul Ball, location: 2F
0-2: Ball
1-2: Strikes out looking
Batting: SHB Giel Molendijk 0-0: Called Strike
0-1: SINGLE (Groundball, 56D)
Batting: SHB José Durango 0-0: Ball
1-0: Ball
2-0: Ball
3-0: Called Strike
3-1: Foul Ball, location: 2F
3-2: Foul Ball, location: 2F
3-2: Base on Balls
Giel Molendijk to second
Batting: SHB Michael Field 0-0: Ball
1-0: SINGLE (Flyball, 7LS)
Giel Molendijk to third
José Durango to second
Runner from 3rd tries for Home, SAFE, no throw
Batting: LHB Jim Knight 0-0: Called Strike
0-1: Ball
1-1: SINGLE (Groundball, 23) (infield hit)
José Durango to third
Michael Field to second
Batting: RHB Andrés Silva 0-0: DOUBLE (Flyball, 9LM)
José Durango scores
Michael Field scores
Jim Knight to third
Batting: RHB Ángel Serrano 0-0: Ball
1-0: Ball
2-0: Called Strike
2-1: Foul Ball, location: 2F
2-2: Strikes out swinging
Top of the 5th over - 3 run(s), 4 hit(s), 0 error(s), 2 left on base; Erie 4 - Lee's Summit 3
BOTTOM OF THE 5TH
Lee's Summit Tigers batting - Pitching for Erie Jaxx : RHP Steve Bigham
Batting: RHB Jesús Ramos 0-0: Called Strike
0-1: SOLO HOME RUN (Flyball, 7D), Distance : 347 ft
Batting: LHB Milo Powers 0-0: Swinging Strike
0-1: Ball
1-1: Ball
2-1: Swinging Strike
2-2: Ball
3-2: Strikes out swinging
Batting: RHB Rusty Bennett 0-0: Called Strike
0-1: Foul Ball, location: 2F
0-2: Ball
1-2: Strikes out looking and he ARGUES THE CALL AND IS TOSSED!
Batting: LHB Darren Holland 0-0: Foul Ball, location: 2F
0-1: Ball
1-1: Called Strike
1-2: Ground out 3-1 (Groundball, 34)
Bottom of the 5th over - 1 run(s), 1 hit(s), 0 error(s), 0 left on base; Erie 4 - Lee's Summit 4
TOP OF THE 6TH
Erie Jaxx batting - Pitching for Lee's Summit Tigers : RHP Greg Reeves
Now at 3B: Ricardo Rodríguez
Batting: RHB Edgardo Castro 0-0: Called Strike
0-1: Foul Ball, location: 2F
0-2: Ball
1-2: Foul Ball, location: 2F
1-2: Strikes out swinging
Batting: RHB Alfredo Ramírez 0-0: Called Strike
0-1: Ball
1-1: Ground out U3 (Groundball, 34S)
Batting: RHB Cristián Cauozos 0-0: Ground out 6-3 (Groundball, 6S)
Top of the 6th over - 0 run(s), 0 hit(s), 0 error(s), 0 left on base; Erie 4 - Lee's Summit 4
BOTTOM OF THE 6TH
Lee's Summit Tigers batting - Pitching for Erie Jaxx : RHP Steve Bigham
Pitching: RHP Fletcher Turner
Batting: RHB Michael Hall 0-0: Ball
1-0: Ball
2-0: Swinging Strike
2-1: Swinging Strike
2-2: Foul Ball, location: 2F
2-2: Strikes out swinging
Batting: RHB Kyle Baylor 0-0: Ball
1-0: Ball
2-0: Foul Ball, location: 2F
2-1: Called Strike
2-2: Foul Ball, location: 2F
2-2: Ball
3-2: Base on Balls
Batting: RHB Gilberto Ferrer 0-0: Ball
1-0: Grounds into double play, 6-4-3 (Groundball, 56)
Bottom of the 6th over - 0 run(s), 0 hit(s), 0 error(s), 0 left on base; Erie 4 - Lee's Summit 4
TOP OF THE 7TH
Erie Jaxx batting - Pitching for Lee's Summit Tigers : RHP Greg Reeves
Pitching: RHP Carlos Gabriel
Batting: SHB Giel Molendijk 0-0: Ground out 1-3 (Groundball, 13)
Batting: SHB José Durango 0-0: Ground out 4-3 (Groundball, 4)
Batting: SHB Michael Field 0-0: Ball
1-0: Ball
2-0: Swinging Strike
2-1: Ball
3-1: Foul Ball, location: 2F
3-2: Strikes out swinging
Top of the 7th over - 0 run(s), 0 hit(s), 0 error(s), 0 left on base; Erie 4 - Lee's Summit 4
BOTTOM OF THE 7TH
Lee's Summit Tigers batting - Pitching for Erie Jaxx : RHP Fletcher Turner
Pitching: LHP Alfredo García
Batting: LHB Dale Miller 0-0: Called Strike
0-1: Ball
1-1: Called Strike
1-2: Strikes out swinging
Pitching: LHP Luis Torres
Batting: RHB Jorge Barbosa 0-0: Ball
1-0: Called Strike
1-1: DOUBLE (Groundball, 5L)
Pinch Hitting: RHB Oliver Todd 0-0: Intentional Walk
Batting: LHB Milo Powers 0-0: Hit by Pitch
Jorge Barbosa to third
Oliver Todd to second
Batting: RHB Ricardo Rodríguez 0-0: Ball
1-0: Ball
2-0: Swinging Strike
2-1: Ball
3-1: Base on Balls
Jorge Barbosa scores
Oliver Todd to third
Milo Powers to second
Pinch Hitting: LHB Dudley Cooper 0-0: Ball
1-0: Ball
2-0: Grounds into fielders choice 1-2 (Groundball, 13S)
Milo Powers to third
Ricardo Rodríguez to second
Batting: RHB Michael Hall 0-0: Called Strike
0-1: Foul Ball, location: 2F
0-2: Ball
1-2: Fly out, F9 (Flyball, 9LMF)
Bottom of the 7th over - 1 run(s), 1 hit(s), 0 error(s), 3 left on base; Erie 4 - Lee's Summit 5
TOP OF THE 8TH
Erie Jaxx batting - Pitching for Lee's Summit Tigers : RHP Carlos Gabriel
Pitching: RHP Robinson Vásquez
Now at C: Augusto Pérez
Now at 2B: Oliver Todd
Batting: LHB Jim Knight 0-0: Ball
Now at 1B: Dudley Cooper 1-0: Ball
2-0: Called Strike
2-1: Ball
3-1: Fly out, F9 (Flyball, 89S)
Batting: RHB Andrés Silva 0-0: Foul Ball, location: 2F
0-1: Ground out 4-3 (Groundball, 34)
Batting: RHB Ángel Serrano 0-0: Foul Ball, location: 2F
0-1: Foul Ball, location: 2F
0-2: Strikes out swinging
Top of the 8th over - 0 run(s), 0 hit(s), 0 error(s), 0 left on base; Erie 4 - Lee's Summit 5
BOTTOM OF THE 8TH
Lee's Summit Tigers batting - Pitching for Erie Jaxx : LHP Luis Torres
Batting: RHB Kyle Baylor 0-0: Ball
1-0: Ball
2-0: Swinging Strike
2-1: Called Strike
2-2: Ball
3-2: Strikes out looking
Batting: RHB Gilberto Ferrer 0-0: Called Strike
0-1: Ball
1-1: DOUBLE (Flyball, 7)
Batting: LHB Dale Miller 0-0: Called Strike
0-1: Ball
1-1: Ball
2-1: Called Strike
2-2: Strikes out swinging
Batting: RHB Jorge Barbosa 0-0: Called Strike
0-1: Called Strike
0-2: Fly out, F9 (Flyball, 9)
Bottom of the 8th over - 0 run(s), 1 hit(s), 0 error(s), 1 left on base; Erie 4 - Lee's Summit 5
TOP OF THE 9TH
Erie Jaxx batting - Pitching for Lee's Summit Tigers : RHP Robinson Vásquez
Pitching: RHP Héctor Bernard
Batting: RHB Edgardo Castro 0-0: Ball
1-0: Hit by Pitch
Pinch Runner at 1st Josh Pérez:
Batting: RHB Alfredo Ramírez 0-0: Ball
1-0: Sac Bunt - play at first, batter OUT! 1-4
Josh Pérez to second
Pinch Hitting: RHB Cássio Cardenas 0-0: SINGLE (Groundball, 4MD)
Josh Pérez to third
Batting: SHB Giel Molendijk 0-0: Ball
1-0: Foul Ball, location: 2F
1-1: Ball
2-1: Ball
3-1: Base on Balls
Cássio Cardenas to second
Batting: SHB José Durango 0-0: Called Strike
0-1: Called Strike
0-2: SINGLE (Line Drive, 3D)
Josh Pérez scores
Cássio Cardenas to third
Giel Molendijk to second
Runner from 3rd tries for Home, SAFE, throw made at trailing runner, SAFE at third!
Pitching: RHP António Cruz
Batting: SHB Michael Field 0-0: Called Strike
0-1: Ball
1-1: Called Strike
1-2: Fly out, F2 (Popup, 25)
Batting: LHB Jim Knight 0-0: Called Strike
0-1: Ball
1-1: Called Strike
1-2: Strikes out swinging
Top of the 9th over - 2 run(s), 2 hit(s), 0 error(s), 2 left on base; Erie 6 - Lee's Summit 5
BOTTOM OF THE 9TH
Lee's Summit Tigers batting - Pitching for Erie Jaxx : LHP Luis Torres
Pitching: RHP Carlos Olmedo
Now at 2B: Cássio Cardenas
Now at 3B: José Hernández
Now in RF: William Wilson
Batting: RHB Oliver Todd 0-0: Ball
1-0: Ball
2-0: Foul Ball, location: 2F
2-1: Ball
3-1: Base on Balls
Batting: LHB Milo Powers 0-0: Called Strike
0-1: Fly out, F7 (Line Drive, 7)
Pinch Hitting: LHB Daniel Rincón 0-0: Fly out, F9 (Flyball, 89D)
Batting: LHB Dudley Cooper 0-0: Ball
1-0: Swinging Strike
1-1: Foul Ball, location: 2F
1-2: Ball
2-2: Foul Ball, location: 2F
2-2: SINGLE (Flyball, 8RS)
Oliver Todd to second
Batting: RHB Augusto Pérez 0-0: Ball
1-0: Foul Ball, location: 2F
1-1: Ball
2-1: Ball
3-1: Foul Ball, location: 2F
3-2: Base on Balls
Oliver Todd to third
Dudley Cooper to second
Pinch Hitting: SHB Juan Glaviz 0-0: Foul Ball, location: 2F
0-1: Ground out U3 (Groundball, 3L)
Bottom of the 9th over - 0 run(s), 1 hit(s), 0 error(s), 3 left on base; Erie 6 - Lee's Summit 5
Thursday, March 30th, 2017 - OOTP Baseball 17.12 Build 75